 Dungeon Crawl Stone Soup version 0.31-a0-37-g98a128e1d9 (webtiles) character file.

Game seed: 13249881780047568106

1145 dungeonMaestro the Ruffian (level 8, 0/76 HPs)
             Began as a Troll Fighter on May 14, 2023.
             Slain by an adder (2 damage)
             ... on level 5 of the Dungeon.
             The game lasted 00:10:49 (3439 turns).

dungeonMaestro the Ruffian (Troll Fighter)          Turns: 3439, Time: 00:10:50

Health: 0/76       AC:  4    Str: 27    XL:     8   Next: 15%
Magic:  7/7        EV:  9    Int:  4    God:
Gold:   175        SH:  9    Dex:  9    Spells: 7/7 levels left

rFire   + .          .
                       - Unarmed
rCold   + . .        b - +1 kite shield
rNeg    . . .        a - +0 robe
rPois   .            (helmet restricted)
rElec   .            p - scarf {rC+ rF+}
rCorr   .            (gloves unavailable)
SInv    .            (boots unavailable)
Will    .....        (no amulet)
Stlth   +            (no ring)
HPRegen 1.12/turn    (no ring)
MPRegen 0.10/turn

%: no passive effects
@: no status effects
A: large, unfitting armour, claws 3, regeneration 1, shaggy fur 1, tough skin 1
a: no special abilities


You were on level 5 of the Dungeon.
You visited 1 branch of the dungeon, and saw 5 of its levels.

You collected 175 gold pieces.

Inventory:

Armour
 a - a +0 robe (worn)
 b - a +1 kite shield (worn)
 p - a scarf of resistance (worn)
Jewellery
 d - a ring of ice
 i - a ring of magical power
 r - an amulet of reflection
 t - an amulet of faith
Wands
 v - a wand of digging (3)
Scrolls
 g - 2 scrolls of amnesia
 j - 3 scrolls of summoning
 m - 2 scrolls of vulnerability
 n - a scroll of poison
 o - a scroll of identify
 q - a scroll of noise
Potions
 c - a potion of might
 e - 2 potions of brilliance {unknown}
 f - 3 potions of attraction {unknown}
 h - 3 potions of curing {unknown}
 l - a potion of heal wounds {unknown}
 s - a potion of berserk rage {unknown}
 w - a potion of mutation {unknown}
 x - a potion of lignification {unknown}


   Skills:
 + Level 3.6 Fighting
 + Level 4.3 Dodging
 + Level 1.0 Stealth
 + Level 5.1 Shields
 + Level 6.2 Unarmed Combat


You had 7 spell levels left.
You didn't know any spells.
Your spell library contained the following spells:

 Spells                   Type           Power      Damage    Failure   Level
 Necrotise                Necr           0%         1d4       73%         1
 Inner Flame              Hex/Fire       0%         N/A       97%         3
 Tukima's Dance           Hex            0%         N/A       97%         3
 Vampiric Draining        Necr           0%         2d6       97%         3
 Flame Wave               Conj/Fire      0%         2d4       100%        4
 Passage of Golubria      Tloc           0%         N/A       100%        4
 Sticky Flame             Conj/Fire      0%         2d3       100%        4
 Agony                    Necr           0%         N/A       100%        5
 Yara's Violent Unravell  Hex/Tmut       0%         3d3       100%        5


Dungeon Overview and Level Annotations

Branches:
Dungeon (5/15)
 Temple: D:4-7

Altars:
Fedhas
Okawaru
The Shining One

Shops:
D:5 [:


Innate Abilities, Weirdness & Mutations

You are too large for most types of armour.
You have claws for hands.
Your natural rate of healing is unusually fast.
You are covered in fur. (AC +1)
You have tough skin. (AC +1)


Message History

The ogre hits you with a +0 giant spiked club!
You claw the ogre!
You kill the ogre!
The hound bites you but does no damage. The adder closely misses you.
You block the hound's attack. The adder bites you.
The hound bites you but does no damage. You block the ogre's attack.
You block the adder's attack.
Things that are here:
a +0 giant spiked club; an ogre corpse The hound attacks as you move away!
The hound closely misses you.
A hound comes into view.
You block the adder's attack. You block the hound's attack.
The hound attacks as you move away! The hound bites you but does no damage.
The hound barks!
You barely miss the hound. The hound bites you. The adder barely misses you.
The adder bites you. The hound bites you.
You claw the hound!
The hound is severely wounded.
The hound bites you. The adder bites you but does no damage.
You mangle the hound!!
You kill the hound!
The adder bites you but does no damage.
You miss the hound. You block the hound's attack. The ogre barely misses you.
The adder barely misses you. The hound closely misses you.
You scratch the hound.
The hound is moderately wounded.
The adder barely misses you. The hound bites you.
The ogre hits you with a +0 giant spiked club!!
* * * LOW HITPOINT WARNING * * *
You block the adder's attack.
You closely miss the hound.
The hound is moderately wounded.
You block the hound's attack. The adder barely misses you.
You block the hound's attack.
You claw the hound!
You kill the hound!
The ogre hits you with a +0 giant spiked club.
* * * LOW HITPOINT WARNING * * *
The adder bites you.
You die...

.............>..#
.................
.. #......∩..... ..
#.........# .. ##.
#....<....#
....#..##.......###
.......#...8....#
... #.†#..#.###
.... #@.#....#
..... #SO#.....#
.....?#)....#..#
..........#.#.##
...#.#....### #
#.......#
∩..........
#.#..........
...#..........#


You could see an ogre and an adder.

Vanquished Creatures
  The ghost of Reshi88 the Shooter, an amateur SpHu (D:4)
  A black bear (D:4)
  3 ogres
  A bullfrog (D:5)
  A scorpion (D:4)
  3 jellies (D:4)
  3 hounds
  4 orc priests
  A sleepcap (D:4)
  An iguana (D:4)
  An orc wizard (D:2)
  Robin (D:3)
  4 gnolls (D:4)
  7 adders
  2 worms (D:4)
  3 dart slugs
  11 orcs
  8 ball pythons
  6 bats
  11 endoplasms
  A giant cockroach (D:1)
  15 goblins
  5 hobgoblins
  15 kobolds
  6 quokkas
  5 rats
120 creatures vanquished.

Notes
Turn   | Place    | Note
-------+----------+-------------------------------------------
     0 | D:1      | dungeonMaestro the Troll Fighter began the quest for the
                  | Orb.
     0 | D:1      | Reached XP level 1. HP: 22/22 MP: 0/0
   283 | D:1      | Reached XP level 2. HP: 29/29 MP: 1/1
   923 | D:2      | Reached XP level 3. HP: 36/36 MP: 2/2
  1797 | D:2      | Reached XP level 4. HP: 44/44 MP: 3/3
  1802 | D:2      | Reached skill level 3 in Unarmed Combat
  2095 | D:3      | Reached XP level 5. HP: 24/52 MP: 4/4
  2167 | D:3      | Identified the +8 short sword "Monyull" {flame, Str+3}
  2242 | D:3      | Noticed Robin
  2277 | D:3      | Killed Robin
  2413 | D:4      | Noticed an ogre
  2427 | D:4      | Killed an ogre
  2428 | D:4      | Reached skill level 4 in Unarmed Combat
  2428 | D:4      | Reached XP level 6. HP: 29/61 MP: 5/5
  2493 | D:4      | Found a runed translucent gate.
  2493 | D:4      | Found a runed translucent gate.
  2493 | D:4      | Found a runed translucent gate.
  2507 | D:4      | Noticed Reshi88's ghost (amateur SpHu)
  2756 | D:4      | Reached XP level 7. HP: 47/67 MP: 6/6
  2788 | D:4      | Reached skill level 5 in Unarmed Combat
  2802 | D:4      | Found an iron altar of Okawaru.
  2823 | D:4      | Found a glowing golden altar of the Shining One.
  2876 | D:4      | Found a blossoming altar of Fedhas.
  3358 | D:4      | Killed Reshi88's ghost
  3359 | D:4      | Reached skill level 1 in Stealth
  3359 | D:4      | Reached skill level 5 in Shields
  3409 | D:5      | Entered Level 5 of the Dungeon
  3409 | D:5      | Found Vomomeosch's Book Boutique.
  3419 | D:5      | Found Sozeunyx's Antique Armour Shop.
  3424 | D:5      | Reached skill level 6 in Unarmed Combat
  3424 | D:5      | Reached XP level 8. HP: 65/75 MP: 7/7
  3439 | D:5      | HP: 2/76 [ogre/+0 giant spiked club (5)]
  3439 | D:5      | Slain by an adder

Illustrated notes

Levels and vault maps discovered:
D:1:      dpeg_arrival_water_fire, layout_basic
D:2:      layout_basic, st_stairs_4, minmay_liquid_box
D:3:      layout_rooms, uniq_robin
D:4:      cheibrodos_fertilizer, layout_cave_pools,
          mainiacjoe_overflow_catch_the_wave, fedhas_altar_1,
          gammafunk_ghost_split, minmay_circle_x
D:5:      layout_cave_pools, serial_shops, nicolae_shop_advertising_works
          [nicolae_subvault_shop_adworks], shop, shop, nicolae_stop_n_shop_1,
          shop, nicolae_elevator_lobby_asterisk

Skill      XL: |  1  2  3  4  5  6  7 |
---------------+----------------------+-----
Shields        | 3 4 5 |  5.1
Unarmed Combat | 3 4 6 |  6.2
Dodging        | 3 4 |  4.3
Fighting       | 3 |  3.6
Stealth        | 1 |  1.0

Action                     |  1- 3 |  4- 6 |  7- 9 || total
---------------------------+-------+-------+-------++-------
  Melee: Unarmed           |    89 |   142 |   117 ||   348
    Use: Scroll            |       |     7 |     4 ||    11
         Potion            |       |       |     1 ||     1
   Stab: Sleeping          |     1 |       |       ||     1
 Armour: Robe              |    33 |    65 |    37 ||   135
  Dodge: Dodged            |    34 |    72 |    65 ||   171
  Block: Kite shield       |    47 |    91 |    76 ||   214

Table legend: (Time is in decaauts)
 A = Elapsed time spent in this place.
 B = Non-inter-level travel time spent in this place.
 C = Inter-level travel time spent in this place.
 D = Time resting spent in this place.
 E = Time spent auto-exploring this place.
 F = Levels seen in this place.
 G = Mean time per level.
                   A        B        C        D        E       F      G
               +--------+--------+--------+--------+--------+-----+--------+
         Total |   3451 |   3412 |     39 |     16 |   1680 |   5 |  690.2 |
       Dungeon |   3451 |   3412 |     39 |     16 |   1680 |   5 |  690.2 |
               +--------+--------+--------+--------+--------+-----+--------+

Top non-repeatable levels by time:
     D:4: 1013 daAuts
     D:2: 921 daAuts
     D:1: 887 daAuts
     D:3: 600 daAuts
     D:5: 29 daAuts
